 Dungeon Crawl Stone Soup version 0.18.1-48-g4cf74bf (webtiles) character file.

336 Krapule the Skirmisher (level 6, -3/39 HPs)
             Began as a Gargoyle Fighter on Aug 5, 2016.
             Killed by divine providence
             ... invoked by an orc priest
              (16 damage)
             ... on level 4 of the Dungeon.
             The game lasted 00:08:06 (3094 turns).

Krapule the Skirmisher (Gargoyle Fighter)           Turns: 3094, Time: 00:08:07

Health: -3/39      AC: 14    Str: 21    XL:     6   Next: 54%
Magic:  6/6        EV:  7    Int:  9    God:
Gold:   241        SH:  9    Dex:  9    Spells: 0 memorised, 5 levels left

rFire  . . .     SeeInvis .     a - +1 flail
rCold  . . .     Gourm    .     b - +0 scale mail
rNeg   + . .     Faith    .     c - +0 shield
rPois  ∞         Spirit   .     i - +2 hat
rElec  +         Dismiss  .     (no cloak)
rCorr  .         Reflect  .     z - +0 pair of gloves
SustAt .         Harm     .     (no boots)
MR     .....                    (no amulet)
Stlth  +.........               (no ring)
                                (no ring)

@: not resistant to hostile enchantments, very unstealthy
A: negative energy resistance 1, electricity resistance, unbreathing,
petrification resistance, rot immunity, AC +4
a: no special abilities


You were on level 4 of the Dungeon.
You were hungry.

You visited 1 branch of the dungeon, and saw 4 of its levels.

You collected 241 gold pieces.

Inventory:

Hand Weapons
 a - a +1 flail (weapon)
Armour
 b - a +0 scale mail (worn)
 c - a +0 shield (worn)
 i - a +2 hat (worn)
 z - a +0 pair of gloves (worn)
Scrolls
 e - 2 scrolls of teleportation {unknown}
 h - 3 scrolls of identify {unknown}
 j - 2 scrolls of enchant armour {unknown}
 k - a scroll of noise {unknown}
 m - 2 scrolls of random uselessness {unknown}
 q - 2 scrolls of enchant weapon
 u - a scroll of blinking {unknown}
 v - a scroll of remove curse
 y - a scroll of magic mapping {unknown}
Potions
 d - 2 potions of might
 g - a potion of invisibility {unknown}
 l - a potion of ambrosia {unknown}
 n - a potion of beneficial mutation {unknown}
 o - 4 potions of lignification {unknown}
 p - a potion of brilliance {unknown}
 r - 3 potions of degeneration {unknown}
 s - a potion of curing {unknown}
 t - 2 potions of flight {unknown}
 x - 2 potions of heal wounds {unknown}
Comestibles
 f - 4 bread rations
 w - 2 meat rations


   Skills:
 + Level 4.5 Fighting
 + Level 3.2 Maces & Flails
 + Level 4.5 Armour
 + Level 3.4 Stealth
 + Level 4.5 Shields


You had 5 spell levels left.
You didn't know any spells.

Dungeon Overview and Level Annotations

Branches:
Dungeon (4/15)             Temple (0/1) D:4

Altars:
Cheibriados
Dithmenos
Kikubaaqudgha


Innate Abilities, Weirdness & Mutations

You are resistant to torment.
Your stone body is resilient (AC +4).
You are immune to poison.
You resist negative energy.
You are resistant to electric shocks.
You can survive without breathing.
You are immune to petrification.
You are immune to rotting.


Message History

You barely miss the orc warrior.
The orc warrior is moderately wounded.
You are feeling hungry.
You block the orc warrior's attack.
The orc priest calls upon Beogh to heal the orc warrior.
The orc warrior is healed somewhat.
You block the orc warrior's attack.
You closely miss the orc warrior.
The orc warrior is lightly wounded.
The orc warrior hits you but does no damage.
You barely miss the orc warrior.
The orc warrior is lightly wounded.
You block the orc warrior's attack.
You closely miss the orc warrior.
The orc warrior is lightly wounded.
The orc warrior hits you with a short sword.
The orc priest mumbles some strange prayers to Beogh against you.
Beogh smites you! You block the orc warrior's attack.
The orc priest mumbles some strange prayers to Beogh against you.
Beogh smites you!
You die...

........#........#
........#........####
........#...........#
........##...######.#
........###..### #.#
........##.....# #.#
............>..# #.##
........##.....####o.#
........#.......@.ooo#
..........##.....###o#
.....###..###8####...#
...... ...# ### #..#.#
########..# #..##.#
#.. $..o #.#


oo8r #.# .o( #.# o## #.# You could see an orc warrior, an orc priest, an orc
wizard and 2 orcs.

Vanquished Creatures
  2 ogres (D:4)
  A worker ant (D:4)
  7 adders
  An ooze (D:2)
  2 worms
  A dart slug (D:3)
  2 giant geckos (D:3)
  3 orcs (D:3)
  A ball python (D:3)
  7 giant cockroaches
  8 goblins
  3 hobgoblins
  2 jackals (D:1)
  6 kobolds
  A quokka (D:4)
  8 bats
  2 giant newts
  7 rats
64 creatures vanquished.

Notes
Turn   | Place    | Note
--------------------------------------------------------------
     0 | D:1      | Krapule the Gargoyle Fighter began the quest for the Orb.
     0 | D:1      | Reached XP level 1. HP: 14/14 MP: 1/1
   329 | D:1      | Reached XP level 2. HP: 18/19 MP: 2/2
   362 | D:1      | Reached skill level 1 in Stealth
   842 | D:2      | Reached XP level 3. HP: 23/23 MP: 3/3
  1338 | D:2      | Reached XP level 4. HP: 27/29 MP: 4/4
  1681 | D:3      | Found an ancient bone altar of Kikubaaqudgha.
  1963 | D:3      | Found a snail-covered altar of Cheibriados.
  1967 | D:3      | Found a shadowy altar of Dithmenos.
  2152 | D:3      | Reached XP level 5. HP: 33/33 MP: 5/5
  2608 | D:4      | Noticed an ogre
  2619 | D:4      | Killed an ogre
  2619 | D:4      | Reached XP level 6. HP: 5/39 MP: 6/6
  3052 | D:4      | Found a staircase to the Ecumenical Temple.
  3076 | D:4      | Noticed an orc warrior
  3094 | D:4      | Killed from afar by an orc priest

Skill      XL: |  1  2  3  4  5  6 |
---------------+-------------------+-----
Stealth        | 1 2 3 |  3.4
Fighting       | 4 |  4.5
Armour         | 4 |  4.5
Shields        | 4 |  4.5
Maces & Flails | 3 |  3.2

Action                   |  1- 3 |  4- 6 || total
-------------------------+-------+-------++-------
Melee: Flail             |   139 |   144 ||   283
  Use: Scroll            |       |     4 ||     4
  Eat: Chunk             |     1 |     6 ||     7
Armor: Scale mail        |    82 |    84 ||   166
Dodge: Dodged            |    36 |    50 ||    86
Block: Shield            |    70 |    96 ||   166
